 Dungeon Crawl Stone Soup version 0.21-a0-273-g0785366 (webtiles) character file.

12010 Shard1697 the Cleaver (level 11, -3/100 HPs)
             Began as a Demigod Fighter on Sept 17, 2017.
             Killed from afar by a gargoyle (13 damage)
             ... with a stone arrow
             ... on level 11 of the Dungeon.
             The game lasted 00:14:04 (13357 turns).

Shard1697 the Cleaver (Demigod Fighter)            Turns: 13357, Time: 00:14:06

Health: -3/100     AC: 17    Str: 25    XL:     11   Next: 31%
Magic:  14/14      EV:  4    Int: 12    God:
Gold:   233        SH: 11    Dex: 15    Spells: 10/10 levels left

rFire    . . .     SeeInvis +   b - +0 broad axe
rCold    . . .     Gourm    .   c - +1 shield
rNeg     . . .     Faith    .   M - +0 plate armour
rPois    .         Spirit   .   z - +2 helmet
rElec    .         Reflect  .   H - +0 cloak
rCorr    .         Harm     .   (no gloves)
MR       +....                  (no boots)
Stlth    ..........             j - amulet of magic regeneration
HPRegen  0.26/turn              B - ring of see invisible
MPRegen  0.39/turn              l - ring of loudness (curse)

@: no status effects
A: high mp 1
a: no special abilities


You were on level 11 of the Dungeon.
You were not hungry.

You visited 1 branch of the dungeon, and saw 11 of its levels.

You collected 509 gold pieces.
You spent 276 gold pieces at shops.

Inventory:

Hand Weapons
 a - a +2 hand axe of electrocution
 b - a +0 broad axe (weapon)
 I - a cursed -1 morningstar
Armour
 c - a +1 shield (worn)
 z - a +2 helmet (worn)
 H - a +0 cloak (worn)
 M - a +0 plate armour (worn)
Jewellery
 j - an amulet of magic regeneration (around neck)
 l - a cursed ring of loudness (right hand)
 B - a ring of see invisible (left hand)
Wands
 s - a wand of iceblast (2/15)
 y - a wand of clouds (5/9)
 F - a wand of random effects (22/48)
 L - a wand of polymorph (11/24)
 N - a wand of scattershot (7/9)
 V - a wand of paralysis (9/24)
Scrolls
 g - a scroll of remove curse
 h - 2 scrolls of magic mapping
 i - a scroll of immolation
 m - 3 scrolls of teleportation
 o - 7 scrolls of identify
 p - a scroll of fear
 w - 3 scrolls of enchant armour
 A - 2 scrolls of enchant weapon
Potions
 d - 4 potions of might
 e - 2 potions of curing
 n - 2 potions of heal wounds
 r - a potion of brilliance
 t - a potion of mutation
 u - 4 potions of agility
 v - a potion of haste
 C - a potion of invisibility
 D - 5 potions of flight
 E - a potion of lignification
 J - a potion of ambrosia
Comestibles
 f - 10 bread rations
 k - 5 chunks of flesh
 q - 7 fruits
 x - 3 royal jellies
 G - 4 meat rations


   Skills:
 - Level 10.3 Fighting
 + Level 12.4 Axes
 + Level 6.5 Armour
 - Level 2.6 Shields


You had 10 spell levels left.
You didn't know any spells.

Dungeon Overview and Level Annotations

Branches:
Dungeon (11/15)            Temple (0/1) D:5            Lair (0/6) D:10
    Orc (0/2) D:9

Shops:
D:4 (   D:7 [((*   D:9 (   D:11 (

Annotations:
D:7 exclusion: door


Innate Abilities, Weirdness & Mutations

You have an increased reservoir of magic. (+10% MP)


Message History

You are too injured to fight recklessly!
Your +2 hand axe of electrocution stops crackling.
b - a +0 broad axe (weapon)
You are too injured to fight recklessly!
You are too injured to fight recklessly!
You are too injured to fight recklessly!
You are too injured to fight recklessly!
You hit the gargoyle but do no damage.
The gargoyle is moderately damaged.
The gargoyle hurls a stone arrow at you.
The stone arrow hits you!
* * * LOW HITPOINT WARNING * * *
The gargoyle hurls a stone arrow at you.
The stone arrow hits you!
* * * LOW HITPOINT WARNING * * *
You slash the gargoyle!
The gargoyle is almost destroyed.
The gargoyle hurls a stone arrow at you.
The stone arrow hits you!
You die...

####### ##### .........#
###...### .........#
#E#...#E# .........#
####...### .........#
#.........
.........######...._....
......)..##.............
............######...###
....[.9@.#### #E#...#E#
.........# ###...###
.......[.# ##....
########## ######


You could see a gargoyle.

Vanquished Creatures
  Erolcha (D:9)
  3 two-headed ogres
  A manticore (D:11)
  Joseph (D:8)
  The ghost of mdw9602 the Cleaver, a novice MiGl (D:5)
  The ghost of Hiru the Digger, a novice FoEE (D:4)
  A komodo dragon (D:10)
  2 trolls
  Prince Ribbit (D:7)
  A hippogriff (D:10)
  A spriggan (D:9)
  Sigmund (D:2)
  2 wyverns (D:10)
  5 yaks (D:9)
  2 hungry ghosts
  2 water moccasins
  4 orc warriors
  6 sky beasts
  2 black bears
  2 ice beasts (D:7)
  A necrophage (D:5)
  8 ogres
  A phantom (D:8)
  7 centaurs
  Blork the orc (D:5)
  2 bullfrogs (D:7)
  A wyvern skeleton (D:8)
  4 scorpions
  3 killer bees (D:9)
  3 electric eels (D:7)
  2 bullfrog zombies
  A jelly (D:9)
  A quasit (D:9)
  Crazy Yiuf (D:3)
  8 crimson imps
  2 centaur zombies
  8 orc priests
  2 centaur skeletons
  5 hounds
  7 orc wizards
  2 iguanas
  Ijyb (D:3)
  6 worker ants
  A hound zombie (D:8)
  Robin (D:4)
  3 gnolls (D:6)
  9 adders
  A howler monkey skeleton (D:9)
  4 shadow imps
  2 oozes
  3 adder skeletons
  4 worms
  3 dart slugs
  4 leopard geckos
  28 orcs
  2 ball pythons
  11 bats
  5 giant cockroaches
  17 goblins
  12 hobgoblins
  11 jackals
  7 quokkas
  2 frilled lizards
  A jackal zombie (D:6)
  11 kobolds
  A leopard gecko zombie (D:5)
  2 quokka skeletons
  A quokka zombie (D:7)
  14 rats
  2 plants (D:7)
279 creatures vanquished.

Vanquished Creatures (others)
  2 plants
2 creatures vanquished.

Grand Total: 281 creatures vanquished

Notes
Turn   | Place    | Note
-------+----------+-------------------------------------------
     0 | D:1      | Shard1697 the Demigod Fighter began the quest for the Orb.
     0 | D:1      | Reached XP level 1. HP: 18/18 MP: 3/3
    14 | D:1      | Reached skill level 2 in Axes
   153 | D:1      | Reached XP level 2. HP: 22/25 MP: 4/4
   361 | D:1      | Reached skill level 3 in Axes
   692 | D:2      | Found a faded altar of an unknown god.
   702 | D:2      | Reached XP level 3. HP: 29/30 MP: 5/5
   850 | D:2      | Noticed Sigmund
  1395 | D:2      | Killed Sigmund
  1395 | D:2      | Reached skill level 5 in Axes
  1395 | D:2      | Reached XP level 4. HP: 21/37 MP: 6/6
  1395 | D:2      | Reached XP level 5. HP: 24/42 MP: 7/7
  2948 | D:3      | Noticed Ijyb
  2960 | D:3      | Killed Ijyb
  2960 | D:3      | Reached XP level 6. HP: 46/51 MP: 8/8
  3190 | D:3      | Found a runed door.
  3234 | D:3      | Noticed Crazy Yiuf
  3239 | D:3      | Killed Crazy Yiuf
  3428 | D:4      | Noticed Hiru's ghost (novice FoEE)
  3618 | D:4      | Noticed Robin
  3634 | D:4      | Reached skill level 6 in Axes
  3655 | D:4      | Killed Robin
  3739 | D:4      | Killed Hiru's ghost
  3739 | D:4      | Reached XP level 7. HP: 44/60 MP: 9/9
  3859 | D:4      | Found an opulent altar of Gozag.
  3889 | D:4      | Reached skill level 5 in Fighting
  3994 | D:4      | Found Uvele's Weapon Shop.
  4228 | D:3      | Reached skill level 7 in Axes
  4415 | D:5      | Entered Level 5 of the Dungeon
  4439 | D:5      | Noticed Blork the orc
  4446 | D:5      | Killed Blork the orc
  4600 | D:5      | Noticed mdw9602's ghost (novice MiGl)
  4606 | D:5      | Reached XP level 8. HP: 43/70 MP: 10/10
  4813 | D:5      | Killed mdw9602's ghost
  4813 | D:5      | Reached skill level 8 in Axes
  5248 | D:5      | Found a staircase to the Ecumenical Temple.
  6419 | D:7      | Reached skill level 9 in Axes
  6433 | D:6      | HP: 2/73 [sky beast (6)]
  6488 | D:6      | Reached XP level 9. HP: 16/80 MP: 11/11
  7205 | D:7      | Found Ahofevuwk's Antique Weapon Emporium.
  7213 | D:7      | Bought a crystal great mace for 276 gold pieces
  7213 | D:7      | Identified the cursed +3 great mace of Tartarus {crush, Str+4 Int+3 Dex-2} (You bought it in a shop on level 7 of the Dungeon)
  7224 | D:7      | Found Dimm's General Store.
  7253 | D:7      | Found Dihek's Armour Boutique.
  7408 | D:7      | Noticed Prince Ribbit
  7482 | D:7      | Found Noprah's Antique Weapon Shop.
  7485 | D:7      | Killed Prince Ribbit
  8446 | D:7      | Reached skill level 10 in Axes
  8849 | D:8      | Noticed a two-headed ogre
  9598 | D:8      | Noticed a two-headed ogre
  9606 | D:8      | Killed a two-headed ogre
  9606 | D:8      | Reached XP level 10. HP: 33/92 MP: 13/13
  9909 | D:8      | Noticed Joseph
 10404 | D:8      | Killed Joseph
 10569 | D:9      | Reached skill level 10 in Fighting
 10665 | D:9      | Noticed a two-headed ogre
 10670 | D:9      | Killed a two-headed ogre
 10670 | D:9      | Reached skill level 11 in Axes
 10961 | D:9      | Found a staircase to the Orcish Mines.
 11180 | D:9      | Noticed Erolcha
 11187 | D:9      | Killed Erolcha
 11615 | D:9      | Found Otesix's Weapon Shoppe.
 11675 | D:10     | Entered Level 10 of the Dungeon
 11789 | D:10     | Reached skill level 5 in Armour
 11849 | D:10     | Reached XP level 11. HP: 88/100 MP: 14/14
 12024 | D:10     | Reached skill level 12 in Axes
 12045 | D:10     | Found a staircase to the Lair.
 12900 | D:10     | Noticed a two-headed ogre
 12906 | D:10     | Killed a two-headed ogre
 13137 | D:11     | Found Opuysiaf's Weapon Emporium.
 13326 | D:11     | Found a stormy altar of Qazlal.
 13357 | D:11     | Killed from afar by a gargoyle

Vault maps used:
D:1:      saegor_arrival_simple_a
D:2:      chequers_ecumenical_altar_simple_redux, uniq_sigmund
D:3:      minmay_misc_feat_room, uniq_ijyb, uniq_crazy_yiuf_cottage
D:4:      old_standard_altar, serial_shops, nicolae_shop_behind_doors,
          first_bread, uniq_robin
D:5:      minmay_temple_entry_poolview, uniq_blork_the_orc
D:7:      cheibrodos_two_vegetables, serial_shops, shop, kennysheep_mini, shop,
          kennysheep_mini_moat, uniq_prince_ribbit1
D:8:      uniq_joseph
D:9:      orc_0_dummy, serial_shops, shop, the_bakery, uniq_erolcha
D:10:     david_lair_shrubbed
D:11:     basic_altar, serial_shops, shop, hangedman_decor_clover_reticule,
          nicolae_qazlal_style_of_elements

Skill      XL: |  1  2  3  4  5  6  7  8  9 10 11 |
---------------+----------------------------------+-----
Axes           | 2 3 5 6 7 9 10 11 12 | 12.4
Fighting       | 3 4 5 7 9 10 | 10.3
Armour         | 5 6 |  6.5
Shields        | |  2.6

Action                   |  1- 3 |  4- 6 |  7- 9 | 10-12 || total
-------------------------+-------+-------+-------+-------++-------
Melee: War axe           |   108 |   183 |   296 |       ||   587
       Hand axe          |       |       |   155 |   289 ||   444
       Unarmed           |       |       |       |     9 ||     9
       Broad axe         |       |       |       |     2 ||     2
Evoke: Wand              |       |       |     4 |       ||     4
  Use: Scroll            |       |    12 |    10 |     1 ||    23
       Potion            |       |     1 |     2 |       ||     3
  Eat: Bread ration      |     1 |       |       |       ||     1
       Chunk             |       |     5 |    19 |    12 ||    36
       Royal jelly       |       |       |     1 |     1 ||     2
Armor: Scale mail        |    46 |    52 |       |       ||    98
       Chain mail        |       |    28 |   199 |    20 ||   247
       Plate armour      |       |       |       |    85 ||    85
Dodge: Dodged            |    33 |    42 |    64 |    46 ||   185
Block: Shield            |    68 |   119 |   240 |   110 ||   537

Table legend:
 A = Spawn XP
 B = Non-spawn XP
 C = Spawn XP percentage of total XP
 D = Spawn monster count
 E = Non-spawn monster count
 F = Spawn count percentage of total count
 G = Total turns spent on level
                    A         B        C        D         E        F      G
               +---------+---------+-------+---------+---------+-------+---------
         Total |       0 |   17158 |   0.0 |       0 |     277 |   0.0 | 13357
               +---------+---------+-------+---------+---------+-------+---------
           D:1 |       0 |      57 |   0.0 |       0 |      32 |   0.0 |  1123
           D:2 |       0 |     315 |   0.0 |       0 |      26 |   0.0 |  1290
           D:3 |       0 |     337 |   0.0 |       0 |      33 |   0.0 |  1357
           D:4 |       0 |     646 |   0.0 |       0 |      23 |   0.0 |   765
           D:5 |       0 |    1156 |   0.0 |       0 |      25 |   0.0 |   955
           D:6 |       0 |     566 |   0.0 |       0 |      15 |   0.0 |  1202
           D:7 |       0 |    2145 |   0.0 |       0 |      30 |   0.0 |  2319
           D:8 |       0 |    2622 |   0.0 |       0 |      29 |   0.0 |  1512
           D:9 |       0 |    4599 |   0.0 |       0 |      28 |   0.0 |  1251
          D:10 |       0 |    4165 |   0.0 |       0 |      34 |   0.0 |  1363
          D:11 |       0 |     550 |   0.0 |       0 |       2 |   0.0 |   220
               +---------+---------+-------+---------+---------+-------+---------
